 Dungeon Crawl Stone Soup version 0.20.1-1-g8b1a95d (webtiles) character file.

851 Knicklaso the Digger (level 8, -2/45 HPs)
             Began as a Gargoyle Earth Elementalist on July 19, 2017.
             Slain by an ogre
             ... wielding a +0 giant club
              (9 damage)
             ... on level 5 of the Dungeon.
             The game lasted 00:13:10 (4104 turns).

Knicklaso the Digger (Gargoyle Earth Elementalist)  Turns: 4104, Time: 00:13:10

Health: -2/45      AC: 11    Str: 12    XL:     8   Next: 1%
Magic:  15/15      EV: 13    Int: 18    God:
Gold:   212        SH:  0    Dex: 13    Spells: 16/17 levels left

rFire    + . .     SeeInvis .   k - -3 whip (curse)
rCold    . . .     Gourm    .   (no shield)
rNeg     + . .     Faith    .   w - +1 ring mail "Qonurph" {-Cast rF+ Dex+3} (curse)
rPois    ∞         Spirit   .   (no helmet)
rElec    +         Reflect  .   (no cloak)
rCorr    .         Harm     .   (no gloves)
MR       .....     NoCast   +   (no boots)
Stlth    +.........             (no amulet)
Regen    0.2/turn               g - +2 ring of evasion
MPRegen  0.2/turn               (no ring)

@: no status effects
A: negative energy resistance 1, electricity resistance, unbreathing,
petrification resistance, rot immunity, AC +5
a: no special abilities


You were on level 5 of the Dungeon.
You were not hungry.

You visited 1 branch of the dungeon, and saw 5 of its levels.

You collected 212 gold pieces.

Inventory:

Hand Weapons
 k - a cursed -3 whip (weapon)
 m - a +0 mace
 s - a +0 morningstar
Missiles
 b - 37 stones (quivered)
Armour
 c - a +0 robe
 w - the cursed +1 ring mail "Qonurph" (worn) {-Cast rF+ Dex+3}
   (You found it on level 4 of the Dungeon)

   It affects your dexterity (+3).
   It protects you from fire.
   It prevents spellcasting.
   It has a curse placed upon it.
Jewellery
 g - a +2 ring of evasion (left hand)
 t - an uncursed ring of fire {unknown}
Wands
 p - a wand of digging (7/24)
Scrolls
 o - a scroll of teleportation
 q - a scroll of random uselessness {unknown}
 v - a scroll of identify
Potions
 f - a potion of heal wounds {unknown}
 h - a potion of flight {unknown}
 i - 2 potions of berserk rage {unknown}
 j - 3 potions of invisibility
 l - a potion of cancellation {unknown}
 n - a potion of degeneration {unknown}
 r - a potion of might {unknown}
Books
 e - a book of Geomancy

   Spells                             Type                      Level
   a - Sandblast                      Earth                        1
   b - Passwall                       Transmutation/Earth          2
   c - Stone Arrow                    Conjuration/Earth            3
   d - Petrify                        Transmutation/Earth          4
   e - Lee's Rapid Deconstruction     Earth                        5
Comestibles
 a - 3 meat rations
 d - 3 bread rations
 u - 3 chunks of flesh


   Skills:
 - Level 2.9 Fighting
 + Level 2.8 Maces & Flails
 - Level 2.7 Dodging
 - Level 2.1 Stealth
 - Level 5.1 Spellcasting
   Level 0.7 Transmutations
 - Level 6.8 Earth Magic


You had 16 spell levels left.
You knew the following spells:

 Your Spells              Type           Power        Failure   Level  Hunger
a - Sandblast             Erth           ####..       1%          1    None


Dungeon Overview and Level Annotations

Branches:
Dungeon (5/15)
 Temple: D:4-7

Altars:
Gozag
Kikubaaqudgha
Sif Muna
Trog


Innate Abilities, Weirdness & Mutations

You are resistant to torment.
Your stone body is resilient. (AC +5)
You are immune to poison.
You resist negative energy. (rN+)
You are resistant to electric shocks. (rElec)
You can survive without breathing.
You are immune to petrification.
You are immune to rotting.


Message History

The ogre hits you with a giant club!!
Ouch! That really hurt!
You barely miss the ogre.
The ogre is moderately wounded.
The ogre closely misses you.
You hit the ogre but do no damage.
The ogre is moderately wounded.
You hit the ogre but do no damage.
The ogre is moderately wounded.
The ogre hits you but does no damage.
You hit the ogre but do no damage.
The ogre is moderately wounded.
The ogre hits you with a giant club!
* * * LOW HITPOINT WARNING * * *
You hit the ogre but do no damage.
The ogre is moderately wounded.
You closely miss the ogre.
The ogre is moderately wounded.
The ogre hits you with a giant club!
You die...

.. #####.## .
#......#
#.##......###
..........
#......####.
#..[........
#...<..######
#####@$......
######O######.
...........#
##.....%....#
........##..#
...#..... ....
#. #.#### .###
# #. .. .. ##


You could see an ogre.

Vanquished Creatures
  4 ogres (D:4)
  A scorpion (D:4)
  A bullfrog skeleton (D:4)
  3 orc priests (D:4)
  4 orc wizards
  An iguana (D:3)
  A hound skeleton (D:4)
  4 gnolls
  6 adders
  2 oozes
  5 worms
  2 dart slugs
  2 leopard geckos
  10 orcs
  3 giant cockroaches
  7 goblins
  6 hobgoblins
  A jackal (D:1)
  2 quokkas
  3 ball pythons
  9 bats
  3 frilled lizards
  5 kobolds
  10 rats
95 creatures vanquished.

Notes
Turn   | Place    | Note
-------+----------+-------------------------------------------
     0 | D:1      | Knicklaso the Gargoyle Earth Elementalist began the quest for the Orb.
     0 | D:1      | Reached XP level 1. HP: 10/10 MP: 3/3
   325 | D:1      | Reached XP level 2. HP: 15/15 MP: 1/5
   363 | D:1      | Reached skill level 4 in Earth Magic
   887 | D:1      | Reached XP level 3. HP: 19/19 MP: 7/7
  1287 | D:2      | Reached XP level 4. HP: 18/24 MP: 3/8
  1291 | D:2      | Reached skill level 5 in Earth Magic
  1680 | D:2      | Found a bloodstained altar of Trog.
  1986 | D:3      | Reached XP level 5. HP: 26/28 MP: 8/10
  2141 | D:3      | Found a deep blue altar of Sif Muna.
  2400 | D:3      | Reached XP level 6. HP: 18/32 MP: 9/12
  2730 | D:3      | Found an ancient bone altar of Kikubaaqudgha.
  2771 | D:3      | Reached skill level 6 in Earth Magic
  3002 | D:4      | Reached skill level 1 in Maces & Flails
  3005 | D:4      | Reached skill level 1 in Fighting
  3254 | D:4      | Found an opulent altar of Gozag.
  3259 | D:4      | Reached XP level 7. HP: 26/39 MP: 8/13
  3804 | D:4      | Reached skill level 5 in Spellcasting
  3888 | D:4      | Reached XP level 8. HP: 27/45 MP: 11/15
  4023 | D:4      | Got a steaming ring mail
  4034 | D:4      | Identified the cursed +1 ring mail "Qonurph" {-Cast rF+ Dex+3} (You found it on level 4 of the Dungeon)
  4074 | D:5      | Entered Level 5 of the Dungeon
  4104 | D:5      | Slain by an ogre

Skill      XL: |  1  2  3  4  5  6  7 |
---------------+----------------------+-----
Earth Magic    | 4 5 6 |  6.8
Spellcasting   | 3 4 5 |  5.1
Maces & Flails | 1 2 |  2.8
Fighting       | 1 2 |  2.9
Dodging        | 2 |  2.7
Stealth        | |  2.1
Transmutations | |  0.7

Action                   |  1- 3 |  4- 6 |  7- 9 || total
-------------------------+-------+-------+-------++-------
Melee: Unarmed           |    12 |       |       ||    12
       Club              |    56 |       |       ||    56
       Mace              |     6 |       |       ||     6
       Whip              |       |   295 |    81 ||   376
 Cast: Sandblast         |    17 |    57 |    25 ||    99
  Use: Scroll            |     3 |     4 |       ||     7
 Stab: Sleeping          |     2 |     4 |       ||     6
  Eat: Chunk             |     1 |     7 |     3 ||    11
Armor: Robe              |    31 |   108 |    13 ||   152
       Ring mail         |       |       |     7 ||     7
Dodge: Dodged            |    66 |   303 |    62 ||   431
